AoeStats
← Aloxen

Arena

510639870Analyzed
1v1 RM · 14h ago on Oct 1, 2026· 34m 43s· 2 players
Game mode
Random Map
Map size
Tiny (2 player)
Population
200
Speed
Normal
Resources
Standard
Victory
Conquest
Starting age
Dark Age
Ending age
Imperial Age
RankedLock teamsTeams togetherTeam positionsShared explorationLock speedFull tech treeHidden civsTurbo modeCheats
Victory
Defeat
🇪🇸 Spanish · Spain
1246
+18
🇨🇴 Tatars · Colombia
1279
-18
Aloxen
7:08 Loom
9:58 Feudal Age
13:37 Castle Age
19:09 Double-Bit Axe
24:09 Fletching
25:07 Bodkin Arrow
34:30 Imperial Age
informessigma
11:25 Feudal Age
15:23 Castle Age
20:00 Double-Bit Axe
19:57 Horse Collar
20:58 Fletching
21:09 Loom
26:31 Imperial Age
24:50 Bodkin Arrow
31:36 Padded Archer Armor
34:29 Ballistics
Connection lost

Rejoining the realm…

Still unreachable

The connection could not be restored.

Session expired

The server has moved on; the page needs a fresh start.